 Dungeon Crawl Stone Soup version 0.23-a0-635-g88ca12a (webtiles) character file.

501 Leeroy the Slasher (level 7, -3/51 HPs)
             Began as a Barachi Skald on Dec 27, 2018.
             Slain by a water moccasin (7 damage)
             ... on level 3 of the Dungeon.
             The game lasted 00:13:01 (4393 turns).

Leeroy the Slasher (Barachi Skald)                  Turns: 4393, Time: 00:13:02

Health: -3/51      AC:  6    Str: 12    XL:     7   Next: 17%
Magic:  7/10       EV: 12    Int: 21    God:
Gold:   178        SH:  0    Dex: 11    Spells: 3/10 levels left

rFire    . . .     SeeInvis +   H - +2 spear (venom)
rCold    . . .     Gourm    .   (no shield)
rNeg     . . .     Faith    .   M - +0 leather armour {MR+}
rPois    .         Spirit   .   I - +1 helmet {SInv}
rElec    .         Reflect  .   L - +0 cloak
rCorr    .         Harm     .   (no gloves)
MR       +....                  (no boots)
Stlth    +.........             (no amulet)
HPRegen  1.17/turn              (no ring)
MPRegen  0.12/turn              (no ring)

@: brilliant, lethally poisoned (-3 -> -12), can't hop, flying, regenerating,
slow
A: +LOS, swims, slowness 1, strong legs 1
a: Hop


You were on level 3 of the Dungeon.
You were not hungry.

You visited 1 branch of the dungeon, and saw 4 of its levels.

You collected 178 gold pieces.

Inventory:

Hand Weapons
 a - a +0 falchion
 f - a +0 hunting sling
 p - a +0 dagger
 q - a +3 mace of crushing
 v - a +0 trident
 C - a +0 dagger
 E - a +0 flail
 H - a +2 spear of venom (weapon)
 J - a +1 flail of crushing
Missiles
 j - 117 stones (quivered)
 r - 21 bolts
 y - 6 tomahawks
Armour
 b - a +0 leather armour
 n - a +0 scale mail
 B - a +0 leather armour of poison resistance
 I - a +1 helmet of see invisible (worn)
 L - a +0 cloak (worn)
 M - a +0 leather armour of magic resistance (worn)
Jewellery
 h - an uncursed ring of poison resistance {unknown}
 w - an uncursed ring of see invisible
 F - a cursed +4 ring of intelligence
 O - an uncursed ring of flight {unknown}
Scrolls
 c - 5 scrolls of remove curse
 i - a scroll of fear {unknown}
 m - a scroll of amnesia {unknown}
 u - a scroll of fog {unknown}
 x - 2 scrolls of magic mapping {unknown}
 z - a scroll of immolation {unknown}
 A - 3 scrolls of teleportation {unknown}
 D - a scroll of enchant weapon {unknown}
 G - a scroll of blinking {unknown}
 K - a scroll of noise {unknown}
Potions
 e - a potion of curing {unknown}
 g - a potion of degeneration {unknown}
 k - a potion of lignification {unknown}
 l - 2 potions of flight
 s - a potion of brilliance
 t - a potion of mutation {unknown}
Comestibles
 d - 6 rations


   Skills:
 - Level 2.4 Fighting
 * Level 7.8 Long Blades
 - Level 2.1 Maces & Flails
 * Level 1.1 Polearms
 - Level 1.2 Armour
 - Level 2.1 Dodging
 - Level 2.1 Spellcasting
 * Level 2.5 Hexes
 - Level 3.2 Charms


You had 3 spell levels left.
You knew the following spells:

 Your Spells              Type           Power        Failure   Level  Hunger
a - Infusion              Chrm           ####         1%          1    #......
b - Spectral Weapon       Hex/Chrm       ####....     2%          3    ###....
c - Regeneration          Chrm/Necr      ###.......   3%          3    ###....

Your spell library contained the following spells:

 Spells                   Type           Power        Failure   Level  Hunger
 Shroud of Golubria       Chrm/Tloc      ###.......   1%          2    ##.....
 Song of Slaying          Chrm           ####....     1%          2    ##.....


Dungeon Overview and Level Annotations

Branches:
Dungeon (4/15)
 Temple: D:4-7

Altars:
The Shining One

Shops:
D:4 *


Innate Abilities, Weirdness & Mutations

Shadows flee at your approach. (+LOS)
You can swim through water.
You cover ground slowly.
You can hop short distances.


Message History

You feel sick. The water moccasin bites you.
* * * LOW HITPOINT WARNING * * *
You are more poisoned.
The water moccasin poisons you! The water moccasin closely misses you.
The adder closely misses you.
The water moccasin closely misses you. x2
The adder bites you but does no damage.
It was a potion of brilliance.
You feel clever all of a sudden.
* * * LOW HITPOINT WARNING * * *
You feel very sick. The water moccasin closely misses you.
The water moccasin bites you but does no damage.
The adder bites you but does no damage.
Casting: Spectral Weapon (safe; 2% risk of failure)
Confirm with . or Enter, or press ? or * to list all spells.
Your skin crawls.
* * * LOW HITPOINT WARNING * * *
You feel very sick.
The water moccasin looks more healthy.
The water moccasin bites you!
You die...

.......#.....#.......#
#.#
......[#.....#.......#
#.#
....##.......#.......#
#.#
....##.......#.......#
#.#
.#####....####.......#
#.# .# #....#
#.......#### #.#
.#####....####..........#
#.#
...............SS.......#
#.#
.#####..........@.......#
#.#
.####...........S.......#
#.#
........................#
#.#
.######.##.....[........#
#.# .#
#.................# #.#
.# #.................#
#.# .#
#...######.......## #.#
.# ##### ######### ###
)### #####.#.######


You could see 2 water moccasins and an adder.

Vanquished Creatures
  An ogre (D:4)
  An orc priest (D:4)
  2 hounds
  3 orc wizards (D:4)
  Jessica (D:3)
  Terence (D:3)
  A worker ant (D:3)
  Natasha (D:3)
  Robin (D:4)
  4 adders
  An adder skeleton (D:4)
  3 worms
  4 leopard geckos
  11 orcs
  A ball python (D:1)
  5 giant cockroaches
  13 goblins
  9 hobgoblins
  2 jackals (D:3)
  5 bats
  5 frilled lizards
  A kobold (D:3)
  9 rats
85 creatures vanquished.

Notes
Turn   | Place    | Note
-------+----------+-------------------------------------------
     0 | D:1      | Leeroy the Barachi Skald began the quest for the Orb.
     0 | D:1      | Reached XP level 1. HP: 17/17 MP: 3/3
   191 | D:1      | Reached skill level 3 in Long Blades
   205 | D:1      | Reached XP level 2. HP: 17/23 MP: 5/5
   758 | D:2      | Reached skill level 4 in Long Blades
   762 | D:2      | Reached XP level 3. HP: 8/28 MP: 1/6
   816 | D:2      | Learned a level 3 spell: Spectral Weapon
   969 | D:3      | Noticed Jessica
   983 | D:3      | Killed Jessica
   983 | D:3      | Reached skill level 5 in Long Blades
   983 | D:3      | Reached XP level 4. HP: 32/34 MP: 4/7
  1203 | D:3      | Reached skill level 1 in Hexes
  1377 | D:3      | Reached XP level 5. HP: 14/39 MP: 8/8
  1561 | D:3      | Learned a level 3 spell: Regeneration
  1741 | D:3      | Noticed Terence
  1751 | D:3      | Killed Terence
  1751 | D:3      | Reached skill level 6 in Long Blades
  2092 | D:3      | Found a glowing golden altar of the Shining One.
  2541 | D:4      | Noticed Natasha
  2542 | D:4      | Noticed Robin
  2550 | D:3      | Killed Natasha
  3122 | D:4      | Reached skill level 1 in Maces & Flails
  3390 | D:3      | Reached XP level 6. HP: 41/46 MP: 9/9
  3407 | D:4      | Killed Robin
  3597 | D:4      | Reached skill level 7 in Long Blades
  4163 | D:4      | Reached skill level 1 in Polearms
  4163 | D:4      | Reached XP level 7. HP: 31/51 MP: 6/10
  4374 | D:4      | Found Axzarem Loacs's Serpentskin Sales.
  4393 | D:3      | Slain by a water moccasin

Vault maps used:
D:1:      lightli_molten_gateway
D:2:      overflow_temple_1_default, first_ration
D:3:      nicolae_tso_carved_into_rock, uniq_jessica, uniq_terence
D:4:      guppyfry_shop_venom, uniq_natasha, uniq_robin

Skill      XL: |  1  2  3  4  5  6 |
---------------+-------------------+-----
Long Blades    | 3 4 5 6 7 |  7.8
Hexes          | 1 2 |  2.5
Maces & Flails | 1 2 |  2.1
Polearms       | 1 |  1.1
Fighting       | |  2.4
Armour         | |  1.2
Dodging        | |  2.1
Spellcasting   | |  2.1
Charms         | |  3.2

Action                   |  1- 3 |  4- 6 |  7- 9 || total
-------------------------+-------+-------+-------++-------
Melee: Falchion          |    83 |    64 |       ||   147
       Mace              |       |    83 |     4 ||    87
       Spear             |       |       |    17 ||    17
Throw: Stone             |     1 |     2 |       ||     3
 Cast: Infusion          |     1 |     1 |       ||     2
       Spectral Weapon   |     1 |     7 |     1 ||     9
       Regeneration      |       |     2 |     1 ||     3
 Abil: Hop               |     1 |     1 |     1 ||     3
  Use: Potion            |     1 |     2 |     3 ||     6
       Scroll            |       |     4 |       ||     4
 Stab: Distracted        |     1 |       |       ||     1
  Eat: Chunk             |     1 |    12 |     2 ||    15
Armor: Leather armour    |    20 |    45 |    12 ||    77
Dodge: Dodged            |    53 |   108 |    36 ||   197
       Rpst.: Falchion   |    21 |     8 |       ||    29

Table legend:
 A = Non-vault XP
 B = Vault XP
 C = Vault XP percentage of total XP
 D = Non-vault monster count
 E = Vault monster count
 F = Vault count percentage of total count
                 A         B        C        D         E       F
            +---------+---------+-------+---------+---------+-------
      Total |     569 |     147 |  20.5 |      69 |      16 |  18.8
            +---------+---------+-------+---------+---------+-------
        D:1 |      20 |       0 |   0.0 |      13 |       0 |   0.0
        D:2 |      32 |       0 |   0.0 |       9 |       0 |   0.0
        D:3 |     133 |     118 |  47.0 |      28 |       8 |  22.2
        D:4 |     384 |      29 |   7.0 |      19 |       8 |  29.6
            +---------+---------+-------+---------+---------+-------
